[Event "Grand Prix Romania 1st Stage 2024"]
[Site "Bucuresti"]
[Date "2024.03.24"]
[Round "8.3"]
[White "Mikhalevski, Victor"]
[Black "Sarana, Alexey"]
[Result "1-0"]
[ECO "D73"]
[WhiteElo "2514"]
[BlackElo "2699"]
[Annotator "TA"]
[PlyCount "119"]
[EventDate "2024.03.20"]
[EventType "swiss"]
[EventCountry "ROU"]
[SourceTitle "playchess.com"]
[Source "ChessBase"]
[SourceQuality "1"]
[TimeControl "900+5"]

1. Nf3 d5 2. g3 g6 3. Bg2 Bg7 4. d4 c6 5. O-O Nf6 {[%emt 0:00:01][%cal Bg8f6,Bf6e4,Be4d6,Bd6f5][%mdl 32] [#]} 6. c4 $1 dxc4 (6... O-O 7. cxd5) 7. a4 Ne4 8. Nc3 Nd6 {[%emt 0:00:02] The position is equal.} 9. e4 Bg4 10. Be3 Qc8 11. Qe2 O-O 12. e5 Nf5 13. Qxc4 Na6 14. Ng5 h6 {[%emt 0:00:51][%cal Of5e3] aiming for ...Nxe3!} 15. Nge4 Nxe3 16. fxe3 Qe6 17. Qxe6 Bxe6 18. a5 Rad8 19. Na4 Nb4 (19... Bf5 $11) 20. Ra3 $16 Nc2 21. Rc3 {[%emt 0:00:05][%cal Oa4c5] Hoping for Nac5!} Nxd4 22. exd4 Rxd4 23. Nac5 (23. Nec5 $16 {Nxe6 would now be deadly.} Bxe5 24. Re3 Rxa4 25. Rxe5 (25. Nxa4 Bd4 $16) 25... Rxa5 26. Rc1) 23... Bd5 24. Re3 Bc4 (24... b6 $14 25. axb6 axb6) 25. Rc1 b6 26. axb6 axb6 {[%emt 0:00:01] [#]} 27. Nb3 Bxb3 28. Rxb3 Bxe5 29. Rxc6 (29. Rxb6 Rxe4 30. Bxe4 Bd4+ 31. Kf1 Bxb6 32. Rxc6 Rb8 $17) 29... Rd1+ 30. Bf1 Rfd8 31. Rc2 (31. Rbxb6 Bd4+ 32. Kg2 Bxb6 33. Rxb6 Re1 $15) 31... Re1 (31... f5 $16 {was necessary.} 32. Rb5 Bh8) 32. Re2 (32. Nd2 $18 {is more deadly.}) 32... Ra1 (32... Rxe2 $16 {is a better defense.} 33. Bxe2 f5) 33. Nf2 (33. Rxb6 $2 Bd4+ 34. Nf2 Bxb6 $19) 33... Bd4 34. Kg2 (34. Rxe7 Bc5 35. Rb7 Rdd1 $15) 34... e5 35. Ng4 Bc5 (35... e4 $142 36. Rxe4 (36. Nxh6+ Kg7 $16) 36... f5 37. Bc4+ (37. Nxh6+ Kg7 $14) 37... Kh8) 36. Nxe5 $18 (36. Nxh6+ Kg7 $11) 36... Kg7 37. Rd3 Rda8 (37... Rd6 $142 38. Rf2 Ra7) 38. Rd7 R8a7 39. Red2 Kf6 (39... Be3 $142 40. R2d6 (40. Rxa7 Rxa7 41. Rd3 Bc5 $18) 40... Rxd7 41. Rxd7 Kf6 42. Ng4+ (42. Rxf7+ Kxe5 43. Re7+ Kd4 $14) (42. Nxf7 Rb1 $18) 42... Ke6) 40. Rxa7 Rxa7 41. Nd7+ Ke7 42. Nxc5 bxc5 {[%emt 0:00:01][%mdl 4096] Endgame. KRB-KR} 43. Bc4 Ra1 44. Re2+ Kf8 45. b3 Ra7 46. h4 Rc7 47. Re5 Kg7 48. h5 Kf6 49. Rd5 Ke7 50. Kf3 Rc6 51. Ke4 Kf6 52. Rd7 gxh5 53. Rxf7+ Kg6 54. Rf8 (54. Ke5 $142 Rb6 55. Re7 h4 56. Bd3+ (56. gxh4 Kh5 $18) 56... Kh5 57. Kf5 Rf6+ 58. Kxf6 Kg4 59. gxh4) 54... h4 55. gxh4 {[%emt 0:00:05] White mates.} Rd6 56. Rf4 Rd1 57. Ke5 h5 58. Bf7+ Kh6 59. Bd5 Rd3 60. Kd6 {[%emt 0:00:03] Weighted Error Value: White=0.10 (very precise) /Black=0.28 (precise) .  Mistake:       	White=2     	Black=7      Inaccurate:     	White=2     	Black=2      OK:         	White=21    	Black=14} 1-0

[Event "Grand Prix Romania 1st Stage 2024"]
[Site "Bucuresti"]
[Date "2024.03.24"]
[Round "8.4"]
[White "Deac, Bogdan-Daniel"]
[Black "Lupulescu, Constantin"]
[Result "1-0"]
[ECO "D02"]
[WhiteElo "2690"]
[BlackElo "2579"]
[Annotator "TA"]
[PlyCount "95"]
[EventDate "2024.03.20"]
[EventType "swiss"]
[EventCountry "ROU"]
[SourceTitle "playchess.com"]
[Source "ChessBase"]
[SourceQuality "1"]
[TimeControl "900+5"]

1. Nf3 d5 2. g3 Nd7 3. d4 Nb6 4. Nc3 Nf6 5. Bg2 h6 6. Nd2 $146 {[%emt 0:00:40] D02: 1 d4 d5 2 Nf3 sidelines, including 2...Nf6 3 g3 and 2...Nf6 3 Bf4.} ({Predecessor:} 6. a4 a5 7. Bf4 c6 8. Ne5 Bf5 9. O-O e6 10. Re1 Be7 11. e4 Bh7 12. exd5 Nbxd5 13. Nxd5 cxd5 {0-1 Van Foreest,J (2702)-Riazantsev,A (2634) Titled Tuesday intern op 01st Mar Late blitz 2022 (6)}) 6... Bg4 7. h3 Bh5 8. g4 Bg6 9. e4 e6 10. exd5 Nbxd5 11. Nxd5 Nxd5 12. c3 c6 13. Nc4 Bd6 14. Qe2 Nf4 15. Nxd6+ Qxd6 16. Bxf4 Qxf4 17. Qe3 Qxe3+ 18. fxe3 Ke7 19. Kf2 f6 20. Bf3 e5 21. h4 Rad8 22. Rad1 Rd6 23. e4 Rhd8 24. Ke3 Bf7 25. b3 a5 26. g5 hxg5 27. hxg5 fxg5 28. Rhg1 Rg6 29. dxe5 Rxd1 30. Bxd1 Rh6 31. Rxg5 g6 32. Rg2 Rh3+ 33. Bf3 Rh1 34. Rd2 Re1+ (34... Rh3 $11) 35. Kf4 Rf1 36. Kg3 Rg1+ 37. Kf2 Ra1 (37... Rg5 38. Ke3 $17) 38. Ke3 (38. c4 $11) 38... Re1+ $14 39. Kf4 Rf1 40. Rh2 Ra1 (40... g5+ $11 41. Ke3 (41. Kxg5 $2 {loses.} Rxf3 42. Rh8 Ke6 $19) 41... Rc1) 41. c4 Rc1 42. Bg4 (42. Rh7 $18 {is more deadly. Threatens to win with Bg4.} Rf1 43. Ke3) 42... Rf1+ $16 {[%emt 0:00:03] [#]} 43. Kg5 ({Better is} 43. Ke3 $1 $16 {Rh7 would now be deadly.} Be6 44. Bf3) 43... Rg1 $2 (43... Be6 $1 $11 {and Black is okay.}) 44. Rh7 $18 Kf8 (44... Ke8 $142 45. Kf4 Rf1+ 46. Ke3 Re1+ 47. Kd3 Kf8) 45. Kf6 $18 Rf1+ 46. Kg5 $2 (46. Bf5 $1 {mates} gxf5 47. exf5 (47. Rxf7+ Ke8 $18) 47... Be6 48. Kxe6 a4 49. Rxb7 (49. bxa4 b5 $18) 49... axb3 50. Kf6 Ke8 51. e6 (51. axb3 Rh1 $18)) 46... Rg1 $1 $18 47. Kf6 $2 (47. Kf4 $18 Kg8 48. Rh2) 47... Rf1+ $1 48. Bf5 $1 1-0

[Event "Grand Prix Romania 1st Stage 2024"]
[Site "Bucuresti"]
[Date "2024.03.24"]
[Round "8.5"]
[White "Rozen, Eytan"]
[Black "Mamedov, Rauf"]
[Result "1/2-1/2"]
[ECO "D02"]
[WhiteElo "2487"]
[BlackElo "2651"]
[Annotator "TA"]
[PlyCount "53"]
[EventDate "2024.03.20"]
[EventType "swiss"]
[EventCountry "ROU"]
[SourceTitle "playchess.com"]
[Source "ChessBase"]
[SourceQuality "1"]
[TimeControl "900+5"]

1. d4 d5 2. Nf3 Nf6 3. c3 Bf5 4. Qb3 Qc8 5. c4 dxc4 6. Qxc4 e6 7. Nc3 Be7 8. g3 O-O 9. Bg2 h6 10. O-O Nbd7 11. Bf4 c5 ({Besser ist} 11... c6 $11) 12. dxc5 {[%emt 0:00:27] Weiß steht aktiver.} (12. Rac1 $14) 12... Qxc5 13. Qxc5 Nxc5 14. Rfd1 Rac8 15. Nb5 a6 16. Nd6 Bxd6 17. Bxd6 Rfd8 18. Bxc5 {[%emt 0:01:26] Ein starkes Läuferpaar.} Rxd1+ {[%emt 0:00:00] Die Stellung ist ausgeglichen.} 19. Rxd1 Rxc5 20. Nd4 {[%emt 0:00:01] Es drohte Rc2} Be4 21. Bxe4 Nxe4 $11 {[%emt 0:00:00][%mdl 4096] Endspiel. KRN-KRN} 22. f3 Nf6 23. Kf2 Kf8 24. Nb3 Rc7 25. e4 Ke7 26. Ke3 Nd7 27. Rc1 {[%emt 0:00:11] Gewichteter Fehlerwert: Weiß=0.10 (sehr präzise) /Schwarz=0.09 (makellos) .  Fehler:       	Weiß=1     	Schwarz=1     Ungenau:       	Weiß=1     	Schwarz=1     OK:         	Weiß=5     	Schwarz=12} 1/2-1/2

[Event "Grand Prix Romania 1st Stage 2024"]
[Site "Bucuresti"]
[Date "2024.03.24"]
[Round "8.6"]
[White "Korobov, Anton"]
[Black "Secheres, Adrian-Simion"]
[Result "1-0"]
[ECO "E75"]
[WhiteElo "2662"]
[BlackElo "2371"]
[Annotator "TA"]
[PlyCount "69"]
[EventDate "2024.03.20"]
[EventType "swiss"]
[EventCountry "ROU"]
[SourceTitle "playchess.com"]
[Source "ChessBase"]
[SourceQuality "1"]
[TimeControl "900+5"]

1. c4 g6 2. d4 Nf6 3. Nc3 Bg7 4. e4 d6 5. Be2 O-O 6. Bg5 c5 7. d5 h6 8. Be3 e6 9. Nf3 exd5 10. cxd5 Re8 (10... b5 $1 $11) 11. Nd2 $14 a6 12. a4 Nbd7 {[%emt 0:00:17] White is slightly better.} 13. h3 Rb8 14. O-O Qe7 15. Qc2 Nh5 ({Better is} 15... Nh7 $14) 16. Bxh5 gxh5 17. a5 b5 18. axb6 Rxb6 19. Nc4 Rb4 20. Na5 {[%emt 0:00:02] Black must now prevent Nc6. Excellent horsemanship.} Ne5 (20... Bxc3 $11 {remains equal.} 21. Qxc3 (21. bxc3 Rxe4 22. Bxh6 Qf6 $11) 21... Rxe4) 21. Nc6 (21. f4 $16 Nc4 22. Nc6) 21... Qh4 22. f3 (22. Nxb4 Nf3+ 23. gxf3 Bxc3 $11) 22... Nxc6 23. dxc6 Be5 {[%emt 0:00:57] And now ...Qg3 would win.} 24. f4 (24. Bxh6 $2 {perishes.} Kh7 (24... Bxh3 25. Qd2 $17) 25. Be3 Qg3 $19) 24... Bxc3 25. Qxc3 {[%emt 0:00:07] Threatens to win with Rf3.} Rbxe4 26. Rf3 {[%emt 0:00:01] Hoping for Bf2.} Kh7 $1 27. Rd1 {[%emt 0:00:43][%mdl 1024] White has compensation.} Qe7 28. Bf2 Bf5 {[%emt 0:02:15] [#]} ({Black should try} 28... f5 $14) 29. c7 Re6 $11 (29... Qxc7 $2 {is the wrong capture.} 30. Qf6 Bc8 31. Rg3 $18 (31. Rxd6 R4e6 $11) (31. Qxd6 Qxd6 32. Rxd6 Rg8 $11)) 30. Rg3 $1 {[%emt 0:00:20] Repels Rg8} Rg6 {[%emt 0:00:45] [#] Against Qg7+} (30... f6 $11) 31. Rd5 {[%emt 0:00:51] Really sharp! White is more active.} ({White should play} 31. Re1 $1 $16 Qd7 32. Rxe8 Qxe8 33. Rxg6 Kxg6 34. Bh4) 31... Be4 32. Rxh5 $40 {[%emt 0:00:11][%mdl 128] f5 would now be deadly. Black needs to defend precisely.} Qxc7 $2 (32... f5 $1 $11 {and Black has nothing to worry.}) 33. f5 $18 Rxg3 34. Bxg3 Re5 (34... Bxf5 $18 35. Rxf5 Qd7) 35. Qd2 {[%emt 0:00:21] Weighted Error Value: White=0.21 (precise) /Black=0.55.  Loses game:     	---       	Black=1      Mistake:       	White=3     	Black=5      Inaccurate:     	White=2     	---        OK:         	White=9     	Black=6      Best:        	White=4     	Black=2      Strong:       	White=1     	Black=1} 1-0

[Event "Grand Prix Romania 1st Stage 2024"]
[Site "Bucuresti"]
[Date "2024.03.24"]
[Round "8.7"]
[White "Moroni, Luca Jr"]
[Black "Chigaev, Maksim"]
[Result "1/2-1/2"]
[ECO "E43"]
[WhiteElo "2580"]
[BlackElo "2617"]
[Annotator "TA"]
[PlyCount "95"]
[EventDate "2024.03.20"]
[EventType "swiss"]
[EventCountry "ROU"]
[SourceTitle "playchess.com"]
[Source "ChessBase"]
[SourceQuality "1"]
[TimeControl "900+5"]

1. d4 Nf6 2. c4 e6 3. Nc3 Bb4 4. Bd2 c5 5. e3 O-O 6. Nf3 b6 7. Bd3 Bb7 8. Qc2 {[%emt 0:00:17] E43: Nimzo-Indian: Rubinstein: 4...b6.} Bxf3 9. gxf3 cxd4 10. exd4 Nc6 11. Be3 Rc8 $146 ({Predecessor:} 11... d5 12. cxd5 Qxd5 13. O-O-O Bxc3 14. bxc3 Nb4 15. Qb1 Nxd3+ 16. Rxd3 Rfc8 17. Rg1 Qa5 {0-1 Shydlouski,A (1638)-Yahont,I (1800) BLR-ch sf Minsk 2023 (6)}) 12. a3 Be7 13. Rg1 Kh8 14. Rd1 Na5 15. d5 exd5 16. cxd5 Nxd5 17. Bxh7 Nxe3 18. fxe3 Bc5 19. Rg4 Bxe3 20. Bf5 Bh6 21. Bxd7 Rc4 (21... Nc4 $15 22. Bxc8 Ne3) 22. Kf1 ({White should play} 22. Bb5 $11 Qe7+ 23. Qe2 Qxe2+ 24. Kxe2) 22... Rxg4 23. Bxg4 Qc7 24. Rd7 Qe5 25. Nd5 b5 26. Qe2 (26. Rxa7 $2 Nc4 27. b3 Nd2+ (27... Qxd5 28. bxc4 bxc4 29. Rd7 $17) 28. Kg2 Qe2+ (28... Qxd5 $2 29. Rd7 $19) 29. Kh3 Qf1+ 30. Kg3 Qg1+ 31. Kh3 Qxa7 $19) 26... Qxe2+ 27. Kxe2 Nc6 28. Rc7 Re8+ 29. Kf1 Ne5 30. Rxa7 Rd8 31. Nc3 g6 32. Re7 (32. Nxb5 $2 f5 33. Re7 Rd1+ 34. Ke2 (34. Kg2 $2 Bf4 $19) 34... Rd2+ 35. Kf1 Bf4 (35... Nxg4 36. fxg4 Rxb2 37. Re8+ Kh7 38. Nd4 $11) (35... fxg4 36. Rxe5 gxf3 37. b4 $11) 36. Bxf5 (36. Re8+ $2 Kg7 $19) 36... gxf5 $19) 32... Bf4 33. h4 (33. Nxb5 $2 Rd1+ (33... Bxh2 34. Nc3 $11) 34. Kg2 f5 (34... Rd2+ $2 35. Kf1 $19) 35. Bxf5 (35. Re8+ $2 Kg7 $19) 35... Rd2+ (35... gxf5 $2 36. Nc3 $19) 36. Kf1 gxf5 $19) 33... f5 34. Bh3 $1 Nxf3 35. h5 Ng5 36. hxg6 Nxh3 37. Rh7+ (37. Nxb5 $2 {loses.} Rd1+ 38. Ke2 Rd2+ 39. Ke1 Ng5 $19 (39... Rxb2 40. Nd4 $17)) 37... Kg8 38. Rxh3 Kg7 39. Rh7+ Kxg6 40. Rb7 Rd2 41. Rxb5 (41. Nxb5 Rxb2 42. a4 Ra2) 41... Be3 42. Nd5 Bg5 43. a4 f4 44. Nc3 Bh4 45. Ne4 Rd4 46. Re5 Rxa4 47. Ke2 Bf6 48. Nxf6 1/2-1/2

[Event "Grand Prix Romania 1st Stage 2024"]
[Site "Bucuresti"]
[Date "2024.03.24"]
[Round "8.8"]
[White "Ponomariov, Ruslan"]
[Black "Zajic, Milan"]
[Result "1-0"]
[ECO "E49"]
[WhiteElo "2646"]
[BlackElo "2436"]
[Annotator "TA"]
[PlyCount "167"]
[EventDate "2024.03.20"]
[EventType "swiss"]
[EventCountry "ROU"]
[SourceTitle "playchess.com"]
[Source "ChessBase"]
[SourceQuality "1"]
[TimeControl "900+5"]

1. d4 Nf6 2. c4 e6 3. Nc3 Bb4 4. e3 O-O 5. Bd3 c5 6. a3 Bxc3+ 7. bxc3 d5 8. cxd5 exd5 9. Ne2 b6 10. O-O Ba6 11. dxc5 bxc5 12. Bxa6 Nxa6 13. c4 {[%emt 0:00:02] Die Stellung ist ausgeglichen.} Rb8 14. Qa4 Qb6 15. cxd5 Nxd5 16. Rd1 Nf6 17. Bd2 Qb5 18. Nc3 Qxa4 19. Nxa4 Rfc8 20. f3 c4 21. Bc3 Rb3 22. Bd4 {[%emt 0:01:07] Verhindert Nc5.} h6 23. e4 (23. Bxa7 c3 24. Bd4 c2 $15) 23... c3 24. Rd3 (24. Bxa7 $2 c2 25. Rdc1 Rc4 $19) (24. Nxc3 Rcxc3 25. Bxc3 Rxc3 $16) 24... Rc4 $1 25. Nxc3 (25. Rxc3 Rbxc3 (25... Rxa4 26. Bxf6 Rxc3 27. Bxc3 $16) (25... Rxd4 26. Rxb3 Rxa4 27. Rc1 $11) 26. Nxc3 Rxd4 $19) 25... Rxd4 26. Rxd4 Rxc3 27. Ra4 Rc6 28. Rd1 Kf8 29. Rd8+ Ke7 30. Ra8 {[%emt 0:00:01][%mdl 1024] Weiss hat Kompensation.} Nd7 31. Rxa7 Rc1+ 32. Kf2 Nac5 33. Rd4 Rc2+ 34. Kf1 Rc1+ 35. Ke2 Ra1 (35... Rg1 $1 $11 {hält das Gleichgewicht.}) 36. Rd1 $16 Ra2+ 37. Rd2 Ra1 38. h4 h5 39. Rd5 Ra2+ 40. Ke3 {[%emt 0:00:30] Weiß steht aktiver.} Ke6 41. Rxh5 Rxg2 42. Rg5 ({Vorzuziehen ist} 42. Rd5 $14) 42... Rh2 43. Ra5 Nb7 {[%emt 0:00:20] [#]} (43... Rc2 $11 {bleibt in der Remisbreite.}) 44. Ra6+ $1 Ke7 45. Rxg7 (45. Ra7 $16 Nd6 46. Re5+ (46. Rxg7 Rxh4 47. Rg5 Ke6 $14) 46... Kf6 47. Rd5 Nc4+ 48. Kf4 (48. Kd4 Nce5 $16)) 45... Rxh4 46. Rg5 Rh1 47. Rd5 Nbc5 48. Ra7 Ke6 49. Ra8 Ke7 {[%emt 0:00:02] Pariert Re8+.} 50. a4 Ra1 51. a5 Ra3+ 52. Ke2 Ra2+ 53. Rd2 Ra3 54. Ra7 Ke6 55. Rd5 {[%emt 0:00:04] Schwarz sollte Rc7 verhindern.} Ra2+ $1 56. Ke3 Ra3+ 57. Kd4 Ra4+ 58. Kc3 {[%emt 0:00:01] Und jetzt Rc7 wäre schön.} Ra3+ 59. Kb4 Rb3+ 60. Kc4 Rb1 61. a6 ({Natürlich nicht} 61. Rxc5 Rc1+ 62. Kb4 Nxc5 $17 (62... Rxc5 $2 {geht unter.} 63. Rxd7 Rg5 64. Rd5 $18)) 61... Rc1+ 62. Kb5 Rb1+ 63. Kc4 Rc1+ 64. Kd4 Rd1+ 65. Ke3 {[%emt 0:00:03] Sehr scharf!} Ra1 66. Kf4 Ra3 67. Rc7 Rxa6 68. Rcxc5 ({Keinesfalls} 68. Rdxc5 Nxc5 69. Rxc5 Kf6 $16) 68... Nxc5 69. Rxc5 $11 {[%emt 0:00:01][%mdl 4096] Endspiel. KR-KR} Ra3 70. Rc6+ Kd7 71. Rb6 Ke7 72. e5 Rc3 73. Ke4 Ra3 74. f4 Ra4+ 75. Kf5 Rc4 76. Rb7+ (76. Kg5 $5 Rc5 $8 77. Ra6 $11) 76... Kf8 77. Kg5 {[%emt 0:00:02] f5 wäre nun fies.} Re4 78. f5 (78. Ra7 $14) 78... Rxe5 79. Kf6 Re8 $2 {[%emt 0:00:12][%mdl 8192] [#] Das Aus für Schwarz.} (79... Re3 $11) 80. Rxf7+ {[%emt 0:00:04] Weiß setzt Matt.} Kg8 81. Rg7+ Kf8 82. Ra7 Kg8 83. Kg6 Rd8 84. f6 {[%emt 0:00:01] Gewichteter Fehlerwert: Weiß=0.12 (sehr präzise) /Schwarz=0.12 (sehr präzise) .  Verlustzug:     	---       	Schwarz=1     Fehler:       	Weiß=3     	Schwarz=2     Ungenau:       	Weiß=10    	Schwarz=11    OK:         	Weiß=25    	Schwarz=28    Bester:       	Weiß=2     	Schwarz=6     Stark:        	Weiß=1     	Schwarz=2} 1-0

[Event "Grand Prix Romania 1st Stage 2024"]
[Site "Bucuresti"]
[Date "2024.03.24"]
[Round "8.9"]
[White "Bulmaga, Irina"]
[Black "Safarli, Eltaj"]
[Result "1-0"]
[ECO "B44"]
[WhiteElo "2429"]
[BlackElo "2614"]
[Annotator "TA"]
[PlyCount "63"]
[EventDate "2024.03.20"]
[EventType "swiss"]
[EventCountry "ROU"]
[SourceTitle "playchess.com"]
[Source "ChessBase"]
[SourceQuality "1"]
[TimeControl "900+5"]

1. e4 c5 2. Nf3 e6 3. d4 cxd4 4. Nxd4 Nc6 5. Bf4 d6 6. Nxc6 bxc6 7. Bd3 Ne7 8. O-O {[%emt 0:00:17] Weiß hat minimalen Vorteil.} Ng6 9. Be3 e5 10. c4 Be7 11. Qd2 O-O 12. Nc3 Nh4 {[%emt 0:00:45][%cal Oc8h3] [#] Droht ...Bh3! und aus.} 13. f3 f5 14. b4 {[%emt 0:00:17] Weiß steht aktiver.} Be6 15. b5 Qd7 16. bxc6 Qxc6 17. Nd5 Bxd5 18. cxd5 Qa4 19. Rab1 {[%emt 0:00:53] Und jetzt Bb5 wäre schön.} fxe4 $2 {[%emt 0:00:39][%mdl 8192] [#] Das kostet Schwarz die Partie.} (19... f4 $16 {ist zäher.} 20. Bf2 Rfb8) 20. Bb5 $1 $18 {[%emt 0:00:44] Das Läuferpaar ist gut. Weiß steht klar auf Gewinn.} ({Schwächer ist} 20. Bxe4 Nf5 $16) (20. fxe4 Rxf1+ 21. Rxf1 Ng6 $14) 20... Qa3 21. Rb3 Qxb3 22. axb3 exf3 23. g3 Rab8 24. Bc4 Ng6 25. Qd3 e4 26. Qxe4 Ne5 27. Bd4 Bf6 28. Bxe5 Bxe5 29. Rxf3 Rfe8 30. Qf5 Rb7 31. Kg2 g6 32. Qg4 {[%emt 0:00:11] Gewichteter Fehlerwert: Weiß=0.08 (makellos) /Schwarz=0.44.  Verlustzug:     	---       	Schwarz=1     Ungenau:       	---       	Schwarz=2     OK:         	Weiß=12    	Schwarz=7     Bester:       	Weiß=1     	---        Stark:        	Weiß=1     	---} 1-0

[Event "Grand Prix Romania 1st Stage 2024"]
[Site "Bucuresti"]
[Date "2024.03.24"]
[Round "8.10"]
[White "Kuzubov, Yuriy"]
[Black "Costachi, Mihnea"]
[Result "0-1"]
[ECO "B07"]
[WhiteElo "2605"]
[BlackElo "2470"]
[Annotator "TA"]
[PlyCount "110"]
[EventDate "2024.03.20"]
[EventType "swiss"]
[EventCountry "ROU"]
[SourceTitle "playchess.com"]
[Source "ChessBase"]
[SourceQuality "1"]
[TimeControl "900+5"]

1. d4 Nf6 2. Nf3 g6 3. Nbd2 Bg7 4. e4 d6 5. Be2 O-O 6. O-O e5 {[%emt 0:02:18] B07: Pirc Defence: Miscellaneous Systems.} 7. dxe5 dxe5 8. c3 Qe7 9. Qc2 Nh5 10. Re1 Nc6 11. Nc4 Nf4 12. Bf1 Bg4 13. Nfd2 Rad8 $146 ({Predecessor:} 13... Be6 14. b4 a6 15. a4 Rfd8 16. Ne3 Qg5 17. Nf3 Qh5 18. Bb2 Rd7 19. Rad1 Rad8 20. Rxd7 Rxd7 {1-0 Kuzubov,Y (2605)-Rozman,L (2322) Titled Tuesday intern op 27th Feb Late blitz 2024 (3)}) 14. Ne3 Be6 15. Nf3 Qf6 16. Kh1 Ne7 17. Ng1 Rd7 18. g3 Nh5 19. Bg2 Rfd8 20. Nf3 h6 21. Kg1 Nc6 22. Nd2 Qe7 23. Nd5 Qe8 24. Nc4 ({White should try} 24. b4 $11) 24... Ne7 (24... f5 $15) 25. Nce3 c6 26. Nxe7+ Qxe7 27. Bf1 Nf6 28. Nc4 Bg4 29. Be3 Qe6 30. Nd2 Bf8 31. Bc4 Qe8 32. b4 b6 33. a4 Be6 34. Bxe6 (34. Bf1 $11) 34... Qxe6 $15 35. f3 c5 36. b5 c4 37. Nf1 Rd3 38. a5 Nd7 39. axb6 axb6 40. Kg2 Nc5 41. Bf2 h5 42. Rad1 Qd7 $2 (42... h4 $1 $19 43. gxh4 Nxe4 44. Bxb6 Qxb6 45. fxe4 Qxb5 46. Rxd3 cxd3) 43. Rxd3 $2 (43. Ne3 $15) 43... cxd3 ({Not} 43... Qxd3 44. Re2 $15) ({Black should play} 43... Nxd3 $19 44. Rb1 Nxf2 45. Qxf2 Qd3) 44. Qb1 $17 Qe6 (44... g5 $17 {Threatening ...g4.} 45. h3 g4 46. hxg4 hxg4 47. Bxc5 gxf3+ (47... Bxc5 48. Nd2 $17) (47... bxc5 48. Ne3 $11) 48. Kxf3 Bxc5) 45. Rd1 $1 $11 Rc8 46. Bxc5 Bxc5 (46... Rxc5 {simplifies} 47. Rxd3 Bh6 48. Ne3 Bxe3 49. Rxe3 Qc4) 47. Qxd3 Qb3 48. c4 Qa2+ 49. Rd2 Qa1 50. Rd1 Qa2+ 51. Rd2 Qa1 52. Ne3 Ra8 53. Nd5 Kg7 54. Rd1 $2 (54. Qf1 $11) 54... Ra2+ $19 55. Kh3 Qb2 0-1

[Event "Grand Prix Romania 1st Stage 2024"]
[Site "Bucuresti"]
[Date "2024.03.24"]
[Round "8.11"]
[White "Soltanici, Ruslan"]
[Black "Brunello, Sabino"]
[Result "0-1"]
[ECO "B49"]
[WhiteElo "2339"]
[BlackElo "2515"]
[Annotator "TA"]
[PlyCount "74"]
[EventDate "2024.03.20"]
[EventType "swiss"]
[EventCountry "ROU"]
[SourceTitle "playchess.com"]
[Source "ChessBase"]
[SourceQuality "1"]
[TimeControl "900+5"]

1. e4 c5 2. Nc3 e6 3. Nf3 Nc6 4. d4 cxd4 5. Nxd4 Qc7 6. Be2 a6 7. O-O Nf6 8. Be3 b5 9. Nxc6 dxc6 10. f4 e5 11. Kh1 Bd6 12. f5 h5 (12... Bb7 $11) 13. Bf3 $14 h4 14. a4 {[%emt 0:00:06] Hoping for axb5.} Bb7 15. Qe2 Rd8 16. Qf2 Nd7 17. Rfd1 Be7 18. axb5 axb5 19. Rd3 (19. h3 $14) 19... b4 $11 20. Nb1 c5 21. b3 c4 22. bxc4 Qxc4 23. Ra7 Qc8 24. c3 h3 25. cxb4 hxg2+ (25... Qc4 $11 {keeps the balance.} 26. Rd1 Qxb4) 26. Kxg2 (26. Qxg2 {with more complications.} Qc4 27. Rd1 Qb3 28. Re1) 26... O-O 27. Rc3 Qb8 28. Qc2 Nf6 {[%emt 0:01:15][%cal Od8d7] [#]} (28... Bxb4 $2 29. Rb3 $18) 29. Nd2 ({Much worse is} 29. Rc7 Rc8 30. Rc4 (30. Raxb7 $2 {perishes.} Qxb7 31. Rxb7 Rxc2+ 32. Nd2 Bd6 $19) 30... Bxb4 $15) (29. b5 $1 $16) 29... Rxd2+ 30. Qxd2 {[%emt 0:00:05] Threatens to win with Qc2.} Bxb4 {[%emt 0:00:01][%cal Ob7e4] [#]} 31. Ra1 $2 {[%emt 0:00:06][%mdl 8192] White does not recover from this.} Nxe4 32. Bxe4 Bxe4+ {[%emt 0:00:00] Black is clearly winning.} 33. Kg3 (33. Kg1 $142) 33... Rd8 $19 34. Rb3 Rxd2 35. Bxd2 Qd8 36. Bxb4 Qg5+ 37. Kf2 Qg2+ {[%emt 0:00:05] Weighted Error Value: White=1.09/Black=0.26 (precise) .  Loses game:     	White=1     	---        Mistake:       	White=3     	Black=2      Inaccurate:     	White=2     	Black=4      OK:         	White=7     	Black=6      Best:        	---       	Black=2} 0-1